 Dungeon Crawl Stone Soup version 0.29-a0-72-g1732ff48e7 (webtiles) character file.

Game seed: 14827056101233070458

8367 fragbeetle the Spear-Bearer (level 11, -5/94 HPs)
             Began as a Ghoul Gladiator on Feb 3, 2022.
             Was an Initiate of Yredelemnul.
             Slain by a freezing wraith (9 damage)
             ... on level 1 of the Lair of Beasts.
             The game lasted 00:29:13 (12890 turns).

fragbeetle the Spear-Bearer (Ghoul Gladiator)      Turns: 12890, Time: 00:29:14

Health: -5/94      AC: 23    Str: 18    XL:     11   Next: 29%
Magic:  0/15       EV:  6    Int: 13    God:    Yredelemnul [......]
Gold:   568        SH:  0    Dex: 10    Spells: 10/10 levels left

rFire   . . .      SeeInvis +   y - +3 battleaxe
rCold   + + .      Faith    .   (shield currently unavailable)
rNeg    + + +      Spirit   +   N - +6 plate armour "Jaid" {Fly rN+ Int+4}
rPois   ∞          Reflect  .   c - +0 helmet
rElec   +          Harm     .   (no cloak)
rCorr   .          Rampage  .   j - +0 pair of gloves of Qoimmus {rElec Regen+ Str-3 Int+4}
Will    .....                   H - +0 pair of boots
Stlth   ..........              B - amulet of guardian spirit
HPRegen 0.00/turn               q - ring of see invisible
MPRegen 0.14/turn               O - ring of protection from cold

@: flying, inhibited regen, slowed, very slow
A: claws 1, cold resistance 1, negative energy resistance 3, inhibited
regeneration, torment resistance 2
a: Renounce Religion, Recall Undead Harvest


You were on level 1 of the Lair of Beasts.
You worshipped Yredelemnul.
Yredelemnul was noncommittal.
You visited 3 branches of the dungeon, and saw 11 of its levels.
You also visited: Ossuary and Ice Cave.

You collected 568 gold pieces.

Inventory:

Hand Weapons
 a - a +0 trident
 y - a +3 battleaxe (weapon)
Missiles
 d - 6 throwing nets
 v - 12 boomerangs (quivered)
 x - 5 atropa-tipped darts
 Q - a curare-tipped dart
 R - 15 poisoned darts
Armour
 c - a +0 helmet (worn)
 j - the +0 pair of gloves of Qoimmus (worn) {rElec Regen+ Str-3 Int+4}
   (You found it on level 6 of the Dungeon)

   Str:       It affects your strength (-3).
   Int:       It affects your intelligence (+4).
   rElec:     It insulates you from electricity.
   Regen:     It increases your rate of health regeneration.
 H - a +0 pair of boots (worn)
 N - the +6 plate armour "Jaid" (worn) {Fly rN+ Int+4}
   (You took it off an orc warrior on level 6 of the Dungeon)

   Int:       It affects your intelligence (+4).
   rN:        It protects you from negative energy.
   Fly:       It grants you flight.
Jewellery
 q - a ring of see invisible (left hand)
 B - an amulet of guardian spirit (around neck)
 O - a ring of protection from cold (right hand)
Wands
 t - a wand of iceblast (2)
 u - a wand of charming (2)
 C - a wand of acid (7)
 K - a wand of mindburst (10)
 P - a wand of flame (10)
Scrolls
 b - 3 scrolls of vulnerability
 e - a scroll of enchant armour {unknown}
 h - 4 scrolls of teleportation
 l - 2 scrolls of amnesia
 o - 3 scrolls of silence {unknown}
 s - a scroll of acquirement {unknown}
 D - a scroll of blinking {unknown}
 E - a scroll of identify
 F - 3 scrolls of enchant weapon {unknown}
 L - a scroll of fear {unknown}
 M - 2 scrolls of immolation {unknown}
Potions
 f - a potion of curing
 k - 2 potions of attraction {unknown}
 m - 2 potions of ambrosia {unknown}
 r - 2 potions of degeneration {unknown}
 z - 2 potions of might {unknown}
 A - 2 potions of resistance
 G - 3 potions of lignification {unknown}
 I - 4 potions of brilliance {unknown}
 J - a potion of mutation {unknown}


   Skills:
 + Level 8.1 Fighting
 * Level 9.5 Polearms
 - Level 2.0 Throwing
 * Level 8.1 Armour
 - Level 3.0 Dodging
 - Level 6.0 Stealth
 * Level 6.9 Invocations


You had 10 spell levels left.
You didn't know any spells.
Your spell library contained the following spells:

 Spells                   Type           Power      Damage    Failure   Level
 Shock                    Conj/Air       0%         1d3       100%        1
 Gell's Gravitas          Tloc           0%         N/A       100%        3
 Lesser Beckoning         Tloc           0%         N/A       100%        3
 Ozocubu's Armour         Ice            0%         N/A       100%        3
 Swiftness                Air            0%         N/A       100%        3
 Teleport Other           Tloc           0%         N/A       100%        3
 Airstrike                Air            0%         N/A       100%        4
 Ozocubu's Refrigeration  Ice            0%         4d5       100%        7


Dungeon Overview and Level Annotations

Branches:
Dungeon (9/15)             Temple (1/1) D:7            Lair (1/6) D:9
Ossuary (visited)           IceCv (visited)
    Orc: D:9-12

Altars:
Ashenzari
Cheibriados
Dithmenos
Elyvilon
Fedhas
Gozag
Hepliaklqana
Kikubaaqudgha
Makhleb
Nemelex Xobeh
Okawaru
Qazlal
Ru
Sif Muna
Trog
Uskayaw
Vehumet
Wu Jian
Xom
Yredelemnul
Zin
The Shining One
Beogh


Innate Abilities, Weirdness & Mutations

You thrive by killing the living.
You are immune to poison.
You have sharp fingernails.
Your flesh is cold resistant. (rC+)
You are immune to negative energy. (rN+++)
You do not regenerate when monsters are visible.
You are immune to unholy pain and torment.


Message History

The freezing wraith drains your vigour!
You feel as though you will be slow longer.
The freezing wraith hits you but does no damage. x2
You slice the freezing wraith!!
The freezing wraith is almost destroyed.
The freezing wraith hits you.
* * * LOW HITPOINT WARNING * * *
The freezing wraith freezes you. You resist.
* * * LOW HITPOINT WARNING * * *
The freezing wraith hits you!
* * * LOW HITPOINT WARNING * * *
The freezing wraith drains your vigour!
You feel as though you will be slow longer.
The freezing wraith barely misses you.
The freezing wraith hits you but does no damage.
You feel better.
The freezing wraith barely misses you. x2
The freezing wraith hits you but does no damage.
The freezing wraith hits you.
* * * LOW HITPOINT WARNING * * *
The freezing wraith drains your vigour!
You feel as though you will be slow longer.
Unknown command.
You barely miss the freezing wraith.
The freezing wraith is almost destroyed.
The freezing wraith hits you.
* * * LOW HITPOINT WARNING * * *
The freezing wraith freezes you. You resist.
* * * LOW HITPOINT WARNING * * *
The freezing wraith hits you but does no damage.
The freezing wraith hits you.
* * * LOW HITPOINT WARNING * * *
The freezing wraith freezes you! You resist.
* * * LOW HITPOINT WARNING * * *
The freezing wraith hits you but does no damage.
You hit the freezing wraith.
The freezing wraith is almost destroyed.
The freezing wraith hits you but does no damage. x2
The freezing wraith hits you!
You die...
Yredelemnul claims you as an undead slave.

*,,,*,,, * ***** *,≈*,≈,≈ *
**,*,* *,*≈,,≈≈ # *,,,** *,,,,≈,≈
# ***,,** **≈,≈,,, # *...**
*,,≈,,,, # *#..#* *,≈≈≈,,, #
*##...######## *≈≈,,≈≈≈ ##
*....#*#..@.)# ***,,≈≈,,, .##
##...# #..W..# *,,≈,,,≈≈≈
..#####...#* #.....# ***,*≈≈,≈≈≈≈
PP≈P##....# #.....# *,,,,*,≈,≈≈≈
.P≈≈≈.....## ###.###**,,,,*≈≈≈,≈,
PP≈P.......# ##.## *,,,,,,,,≈≈,,
≈≈.P..>....## #...# *,.,,,,,,≈,≈,
PP..........# #'#+###..,,,,,,,,≈≈
.≈..........###.#......,,,,,,,,**


You could see a freezing wraith.

Vanquished Creatures
  Harold (Lair:1)
  Pikel (D:5)
  2 ice devils (Lair:1)
  The ghost of DrKleor the Skirmisher, an amateur DsFi (D:6)
  A wyvern (D:9)
  5 yaks
  Edmund (D:5)
  A death yak simulacrum (IceCv)
  4 water moccasins
  2 ice beasts (D:6)
  2 orc warriors
  2 necrophages
  4 centaurs
  4 lemures
  A phantom (D:3)
  A kobold brigand (D:8)
  2 elf zombies (Ossuary)
  7 bullfrogs
  A gnoll sergeant (D:9)
  A wyvern zombie (D:7)
  2 cane toad simulacra (IceCv)
  2 scorpions
  A wyvern skeleton (D:6)
  10 killer bees
  10 wights
  2 howler monkeys
  3 bullfrog zombies
  4 centaur zombies
  4 hounds
  8 human zombies (Ossuary)
  A centaur skeleton (D:4)
  A gnoll shaman (D:7)
  4 orc priests
  3 jellies
  A bullfrog skeleton (D:7)
  3 iguanas
  A scorpion zombie (D:5)
  6 orc wizards
  3 mummies (Ossuary)
  8 gnolls
  7 adders
  2 shadow imps
  An adder skeleton (D:4)
  A worm (D:3)
  27 orcs
  5 ball pythons
  6 endoplasms
  3 giant cockroaches
  7 goblins
  5 hobgoblins
  15 jackals
  8 quokkas
  5 bats
  4 kobolds
  6 rats
223 creatures vanquished.

Vanquished Creatures (collateral kills)
  An ugly thing (IceCv)
  A black bear (D:7)
  A killer bee (D:7)
  2 howler monkeys (D:7)
  A bullfrog zombie (D:7)
  An orc wizard (D:7)
  An ufetubus (D:6)
  4 orcs
  2 kobolds (D:8)
14 creatures vanquished.

Vanquished Creatures (others)
  A water moccasin zombie (D:6)
  3 centaur zombies
  2 killer bee zombies (D:7)
  A howler monkey zombie (D:9)
  A spectral jelly (D:7)
  10 orc zombies
18 creatures vanquished.

Grand Total: 255 creatures vanquished

Notes
Turn   | Place    | Note
-------+----------+-------------------------------------------
     0 | D:1      | fragbeetle the Ghoul Gladiator began the quest for the Orb.
     0 | D:1      | Reached XP level 1. HP: 17/17 MP: 0/0
    95 | D:1      | Reached XP level 2. HP: 24/25 MP: 1/1
   208 | D:1      | Reached skill level 3 in Polearms
   613 | D:1      | Reached XP level 3. HP: 23/30 MP: 2/2
  1150 | D:2      | Reached XP level 4. HP: 35/38 MP: 3/3
  1842 | D:3      | Reached skill level 4 in Polearms
  1878 | D:3      | Noticed a phantom
  2136 | D:3      | Reached XP level 5. HP: 39/45 MP: 4/4
  2322 | D:3      | Killed a phantom
  2323 | D:3      | Reached skill level 1 in Stealth
  2747 | D:4      | Reached XP level 6. HP: 44/52 MP: 5/5
  3379 | D:5      | Entered Level 5 of the Dungeon
  3735 | D:4      | Reached skill level 5 in Polearms
  3735 | D:4      | Reached skill level 1 in Armour
  4088 | D:5      | Reached XP level 7. HP: 51/60 MP: 6/6
  4205 | D:5      | Noticed Pikel
  4518 | D:5      | Noticed Edmund
  5447 | D:6      | You fall into a shaft and drop 2 floors!
  5827 | D:8      | Reached XP level 8. HP: 47/67 MP: 7/7
  6116 | D:7      | Reached skill level 6 in Polearms
  6119 | D:7      | Reached skill level 5 in Fighting
  6563 | D:7      | Found a sand-covered staircase.
  6568 | Ossuary  | Entered an ossuary
  7502 | D:6      | Reached skill level 5 in Stealth
  7502 | D:6      | Reached XP level 9. HP: 75/75 MP: 8/8
  7565 | D:5      | Reached skill level 7 in Polearms
  7577 | D:5      | Reached skill level 5 in Armour
  8361 | D:7      | Found a staircase to the Ecumenical Temple.
  8370 | Temple   | Entered the Ecumenical Temple
  8760 | Temple   | Became a worshipper of Yredelemnul the Dark
  8803 | D:7      | Found a sacrificial altar of Ru.
  8830 | D:7      | Reached * piety under Yredelemnul
  8839 | D:7      | Reached ** piety under Yredelemnul
  9192 | D:7      | Reached skill level 1 in Invocations
  9675 | D:7      | Reached skill level 8 in Polearms
  9827 | D:6      | Reached XP level 10. HP: 71/84 MP: 8/11
 10439 | D:6      | Found a runed translucent gate.
 10440 | D:6      | Found a runed translucent gate.
 10442 | D:6      | Noticed DrKleor's ghost (amateur DsFi)
 10473 | D:6      | Found a runed translucent gate.
 10704 | D:6      | Identified the +6 plate armour "Jaid" {Fly rN+ Int+4}
 10740 | D:6      | Killed DrKleor's ghost
 10776 | D:6      | Identified the +0 pair of gloves of Qoimmus {rElec Regen+
                  | Str-3 Int+4}
 11488 | D:5      | Killed Pikel
 11489 | D:5      | Reached skill level 5 in Invocations
 11614 | D:5      | Killed Edmund
 12203 | D:8      | Reached skill level 9 in Polearms
 12471 | D:9      | Reached XP level 11. HP: 93/93 MP: 12/14
 12529 | D:9      | Found a staircase to the Lair.
 12539 | Lair:1   | Entered Level 1 of the Lair of Beasts
 12563 | Lair:1   | Noticed Harold
 12616 | Lair:1   | Killed Harold
 12701 | Lair:1   | Found a frozen archway.
 12751 | IceCv    | Entered an ice cave
 12751 | IceCv    | Noticed a white ugly thing
 12765 | IceCv    | Killed a white ugly thing
 12845 | IceCv    | Found a transporter.
 12855 | IceCv    | Found a transporter.
 12889 | Lair:1   | HP: 4/94 [freezing wraith (6)]
 12890 | Lair:1   | Slain by a freezing wraith

Illustrated notes

Levels and vault maps discovered:
D:1:      elethiomel_arrival_maze, layout_basic
D:2:      layout_loops_cross, hangedman_abyss_or_decor_stabs
D:3:      layout_rooms
D:4:      layout_gridville
D:5:      layout_cave_pools, uniq_pikel, uniq_edmund
D:6:      layout_loops_ring, biasface_ghost_orc_armoury
D:7:      layout_basic, mainiacjoe_overflow_alcove_2, minmay_temple_entry_mist,
          enter_ossuary_5, hangedman_minor_gate_pass
D:8:      layout_basic, hex_tiny
D:9:      layout_cross, lair_entry_dummy, amcnicky_mini_corridor_feature
Temple:   mainiacjoe_temple_trianglar_array
Lair:1:   layout_layer_cave, portal_ice_cave_demonic_guard,
          nicolae_quartered_pool_super, serial_bayou_lagoon_a, uniq_erica,
          uniq_harold

Skill      XL: |  1  2  3  4  5  6  7  8  9 10 11 |
---------------+----------------------------------+-----
Polearms       | 3 4 5 6 8 9 |  9.5
Throwing       | 2 |  2.0
Dodging        | 3 |  3.0
Fighting       | 3 4 5 6 7 8 |  8.1
Stealth        | 1 3 5 6 |  6.0
Armour         | 1 3 4 6 7 8 |  8.1
Invocations    | 2 6 |  6.9

Action                   |  1- 3 |  4- 6 |  7- 9 | 10-12 || total
-------------------------+-------+-------+-------+-------++-------
Melee: Trident           |   141 |   227 |   132 |       ||   500
       Punch             |     3 |     2 |     4 |       ||     9
       Battleaxe         |       |       |   317 |   302 ||   619
Throw: Dart              |       |       |     5 |     6 ||    11
       Boomerang         |       |       |     1 |       ||     1
Invok: Recall Undead Har |       |       |       |     2 ||     2
       Dark Bargain      |       |       |       |     1 ||     1
Evoke: Wand              |       |       |       |     5 ||     5
  Use: Scroll            |       |       |     8 |     3 ||    11
       Potion            |       |       |     3 |     3 ||     6
 Stab: Distracted        |       |       |     2 |     2 ||     4
       Sleeping          |       |       |     2 |     1 ||     3
Armor: Leather armour    |    47 |       |       |       ||    47
       Ring mail         |       |   106 |   222 |    53 ||   381
       Plate armour      |       |       |       |   246 ||   246
Dodge: Dodged            |    98 |   162 |   323 |   163 ||   746

Table legend: (Time is in decaauts)
 A = Elapsed time spent in this place.
 B = Non-inter-level travel time spent in this place.
 C = Inter-level travel time spent in this place.
 D = Time resting spent in this place.
 E = Time spent auto-exploring this place.
 F = Levels seen in this place.
 G = Mean time per level.
                   A        B        C        D        E       F      G
               +--------+--------+--------+--------+--------+-----+--------+
         Total |  13256 |  12459 |    797 |   3070 |   5944 |  13 | 1019.7 |
       Dungeon |  11704 |  10931 |    773 |   2445 |   5610 |   9 | 1300.4 |
        Temple |    415 |    391 |     24 |      0 |    334 |   1 |  415.0 |
          Lair |    164 |    164 |      0 |     27 |      0 |   1 |  164.0 |
       Ossuary |    835 |    835 |      0 |    525 |      0 |   1 |  835.0 |
      Ice Cave |    136 |    136 |      0 |     73 |      0 |   1 |  136.0 |
               +--------+--------+--------+--------+--------+-----+--------+

Top non-repeatable levels by time:
     D:4: 2318 daAuts
     D:6: 1792 daAuts
     D:7: 1659 daAuts
     D:8: 1438 daAuts
     D:2: 1120 daAuts
     D:5: 1100 daAuts
     D:1: 938 daAuts
 Ossuary: 835 daAuts
     D:9: 724 daAuts
     D:3: 612 daAuts
  Temple: 415 daAuts
  Lair:1: 164 daAuts
   IceCv: 136 daAuts
